 Dungeon Crawl Stone Soup version 0.20.1 (console) character file.

119 bli the Chopper (level 5, -1/70 HPs)
             Began as a Hill Orc Monk on July 2, 2017.
             Succumbed to Ijyb's poison
             ... on level 3 of the Dungeon.
             The game lasted 00:07:25 (1687 turns).

bli the Chopper (Hill Orc Monk)                     Turns: 1687, Time: 00:07:26

Health: -1/70      AC: 22    Str: 19    XL:     5   Next: 3%
Magic:  5/5        EV:  2    Int: 13    God:
Gold:   146        SH:  0    Dex: 14    Spells: 4/4 levels left

rFire    . . .     SeeInvis .   b - +1 trident (protect)
rCold    . . .     Gourm    .   (no shield)
rNeg     + + +     Faith    .   (armour currently unavailable)
rPois    +         Spirit   .   (helmet currently unavailable)
rElec    .         Reflect  .   (cloak currently unavailable)
rCorr    .         Harm     .   (gloves currently unavailable)
MR       .....     NoTele   +   (boots currently unavailable)
Stlth    ++........             (no amulet)
Regen    0.3/turn               i - +3 ring of intelligence
MPRegen  0.1/turn               (no ring)

@: mighty, lethally poisoned (-1 -> -24), tree-form
A: no striking features
a: no special abilities


You were on level 3 of the Dungeon.
You were hungry.
You were a tree.
You visited 1 branch of the dungeon, and saw 3 of its levels.

You collected 146 gold pieces.

Inventory:

Hand Weapons
 a - a +0 hand axe
 b - a +1 trident of protection (weapon)
 r - a cursed -3 spear
 s - a +1 dagger of venom
Missiles
 g - 133 stones (quivered)
Armour
 l - a +0 ring mail
 m - a +0 chain mail
 n - a +0 robe (melded)
 t - a +0 leather armour
Jewellery
 i - a +3 ring of intelligence (left branch)
Wands
 u - a wand of clouds (3/9)
Scrolls
 d - 2 scrolls of immolation {unknown}
 e - 2 scrolls of identify {unknown}
 j - a scroll of enchant weapon {unknown}
 q - a scroll of remove curse {unknown}
Comestibles
 c - 2 bread rations
 f - 2 meat rations
 h - 2 chunks of flesh
 k - a royal jelly


   Skills:
 + Level 4.4 Fighting
 + Level 5.4(5.6) Axes
 + Level 1.2(3.1) Polearms
 + Level 2.9 Dodging
 + Level 2.1 Stealth


You had 4 spell levels left.
You didn't know any spells.

Dungeon Overview and Level Annotations

Branches:
Dungeon (3/15)

Altars:
Cheibriados
Kikubaaqudgha
Okawaru


Message History

* * * LOW HITPOINT WARNING * * *
You feel very sick.
It was a potion of lignification.
You turn into a tree.
Your +0 robe melds into your body.
Your roots penetrate the ground.
* * * LOW HITPOINT WARNING * * *
You feel sick.
It was a potion of might.
You feel very mighty all of a sudden.
* * * LOW HITPOINT WARNING * * *
You feel very sick.
Evoke which item? (* to show all) (? for menu, Esc to quit)
Okay, then.
Unknown command.
There is a lethal amount of poison in your body!
There is a lethal amount of poison in your body!
* * * LOW HITPOINT WARNING * * *
You feel very sick.
* * * LOW HITPOINT WARNING * * *
You feel sick.
You die...

..............).†..
.........####.....
...#######.......
............#####.##....
........................
.......................#
........#.............##
...>....##............##
.......................#
#........#.............#
#......♣###...........##
#...$..................#
#.....#.).).#.......##.#
#....##.._..##.####..#..
#.... #...).#..# ##.#
#..#...........# .#
#.......###...## .#
#........#....# ..
.............# ##
..........#.## .......
..


There were no monsters in sight!

Vanquished Creatures
  Ijyb (D:3)
  3 gnolls (D:2)
  An adder (D:3)
  A worm (D:2)
  3 dart slugs
  7 bats
  3 giant cockroaches
  7 goblins
  5 hobgoblins
  8 kobolds
  5 frilled lizards
  5 rats
49 creatures vanquished.

Notes
Turn   | Place    | Note
-------+----------+-------------------------------------------
     0 | D:1      | bli the Hill Orc Monk began the quest for the Orb.
     0 | D:1      | Reached XP level 1. HP: 19/19 MP: 1/1
    98 | D:1      | Reached XP level 2. HP: 18/27 MP: 2/2
   537 | D:1      | Reached XP level 3. HP: 29/33 MP: 3/3
   936 | D:2      | Reached skill level 5 in Axes
   941 | D:2      | Reached XP level 4. HP: 10/40 MP: 4/4
  1378 | D:2      | Found a snail-covered altar of Cheibriados.
  1412 | D:2      | Found an ancient bone altar of Kikubaaqudgha.
  1639 | D:3      | Found an iron altar of Okawaru.
  1655 | D:3      | Noticed Ijyb
  1680 | D:3      | Killed Ijyb
  1680 | D:3      | Reached skill level 1 in Polearms
  1680 | D:3      | Reached XP level 5. HP: 17/47 MP: 5/5
  1685 | D:3      | HP: 2/70 [poisoned by Ijyb]
  1687 | D:3      | Succumbed to Ijyb's poison

Skill      XL: |  1  2  3  4 |
---------------+-------------+-----
Fighting       | 4 |  4.4
Axes           | 5 |  5.4
Polearms       | 1 |  1.2
Stealth        | 2 |  2.1
Dodging        | |  2.9

Action                   |  1- 3 |  4- 6 || total
-------------------------+-------+-------++-------
Melee: Hand axe          |    97 |     9 ||   106
       Trident           |       |    43 ||    43
  Use: Potion            |       |     2 ||     2
 Stab: Sleeping          |     2 |     4 ||     6
       Distracted        |       |     1 ||     1
  Eat: Chunk             |       |     2 ||     2
Armor: Robe              |    18 |    13 ||    31
Dodge: Dodged            |    61 |    14 ||    75
